Map: Automaton LE

Players

Sora - Winner!

  • Race: Zerg Zerg
  • League: Platinum
  • Spawn Location: 9:00

LRG

  • Race: Terran Terran
  • League: Diamond
  • Spawn Location: 3:00

VOD

Have the link to the VOD?

Description

Time

  • Played on: Feb. 8, 2019, 12:16 p.m.
  • Length: 14:05
Show
View Real Time Build Order
Export as new Build Order

Sora Zerg - Winner!

Build Orders: Hatch First, Swarm Host 

Get SALT Encoding   

  12  0:01  Drone  
  13  0:13  Overlord  
  13  0:18  Drone  
  14  0:31  Drone x2  
  16  0:36  Drone  
  17  0:55  Hatchery  
  16  0:58  Drone  
  17  1:13  Spawning Pool  
  17  1:15  Extractor  
  17  1:17  Drone  
  16  1:21  Drone  
  17  1:32  Drone  
  18  1:33  Overlord  
  18  1:39  Drone  
  19  1:51  Drone  
  20  2:05  Zergling x2  
  20  2:07  Queen  
  23  2:17  Queen  
  23  2:18  Metabolic Boost  
  23  2:20  Zergling x4  
  27  2:26  Zergling x2  
  27  2:27  Zergling x2  
  29  2:41  Drone x2  
  29  2:42  Drone  
  32  2:53  Drone x2  
  32  2:56  Queen  
  32  2:57  Overlord  
  36  3:27  Drone x5, Baneling Nest  
  37  3:28  Drone x4  
  44  3:44  Overlord  
  44  3:45  Overlord  
  40  4:04  Zergling x2  
  40  4:05  Zergling x18  
  50  4:11  Hatchery  
  49  4:31  Zergling x14  
  50  4:36  Baneling x3  
  56  4:42  Baneling  
  56  4:43  Baneling x3  
  56  4:46  Overlord x3  
  56  4:48  Queen  
  58  4:53  Extractor  
  43  5:30  Drone x10  
  43  5:33  Lair  
  50  5:42  Zergling x2  
  50  5:43  Zergling x4  
  50  5:49  Zergling x4  
  54  5:52  Extractor  
  54  5:53  Extractor  
  54  5:55  Drone x2  
  54  5:56  Evolution Chamber x2, Drone, Roach Warren  
  52  6:05  Drone x4  
  52  6:06  Drone x3  
  52  6:11  Baneling x4  
  59  6:12  Baneling x2  
  59  6:18  Drone x3  
  62  6:20  Drone  
  62  6:25  Drone x3  
  66  6:26  Overlord  
  66  6:28  Zerg Missile Weapons Level 1  
  66  6:36  Zerg Ground Armor Level 1  
  66  6:38  Zergling x10  
  71  6:42  Overseer  
  71  6:47  Drone x3  
  72  6:50  Extractor  
  72  6:51  Extractor  
  72  7:02  Drone x6  
  72  7:04  Roach x2  
  72  7:05  Roach x2  
  86  7:16  Overseer  
  86  7:22  Overlord x4, Infestation Pit  
  85  7:23  Overlord  
  85  7:38  Hatchery  
  81  7:52  Roach  
  81  7:53  Roach x12  
  105  8:01  Glial Reconstitution  
  102  8:16  Overlord x3  
  102  8:32  Zerg Missile Weapons Level 2, Zerg Ground Armor Level 2  
  102  8:33  Swarm Host x3  
  102  8:34  Swarm Host x3  
  108  8:38  Overlord x2  
  108  8:40  Drone x2  
  108  8:41  Drone x2  
  124  8:57  Swarm Host x4  
  124  8:58  Swarm Host  
  139  9:06  Nydus Network  
  138  9:13  Spore Crawler  
  138  9:15  Spore Crawler  
  136  9:17  Drone  
  136  9:18  Drone x5  
  136  9:19  Drone x2, Queen  
  136  9:21  Overlord x2  
  136  9:22  Overlord x2  
  146  9:41  Roach x10  
  166  9:48  Nydus Canal  
  166  10:00  Extractor x2  
  164  10:14  Overseer  
  164  10:19  Hydralisk Den  
  162  10:35  Hive  
  162  10:52  Zergling x2  
  162  10:54  Zergling x2  
  164  11:10  Ravager x4  
  164  11:11  Ravager x2  
  170  11:24  Nydus Canal  
  169  11:50  Hydralisk  
  169  11:51  Hydralisk x6  
  169  11:53  Overlord x3  
  183  12:01  Overlord  
  183  12:02  Overlord x3  
  183  12:11  Ultralisk Cavern  
  183  12:13  Viper  
  183  12:14  Viper  
  188  12:23  Swarm Host x2  
  188  12:24  Swarm Host  
  197  13:01  Zergling x4  
  179  13:24  Roach  
  179  13:25  Roach x16  
  179  13:26  Roach x2  
  199  13:51  Hatchery  
Show
View Real Time Build Order
Export as new Build Order

LRG Terran 

Build Orders: Mech 

Get SALT Encoding   

  12  0:02  SCV  
  13  0:14  SCV  
  14  0:24  Supply Depot  
  14  0:26  SCV  
  15  0:32  Refinery  
  15  0:46  Barracks  
  15  0:48  SCV  
  16  1:00  SCV  
  17  1:12  SCV  
  18  1:25  Refinery, SCV  
  19  1:33  Supply Depot, Marine  
  19  1:37  SCV  
  21  1:49  SCV  
  21  1:50  Factory  
  22  2:02  Orbital Command  
  22  2:04  Marine  
  23  2:27  Marine  
  24  2:32  SCV  
  24  2:35  Factory Tech Lab  
  25  2:44  SCV  
  25  2:45  Marine  
  27  2:51  Command Center  
  27  2:57  Siege Tank  
  30  2:59  SCV  
  31  3:08  Barracks Reactor  
  31  3:17  Supply Depot  
  31  3:20  Supply Depot  
  31  3:39  SCV, Siege Tank  
  35  3:52  Bunker  
  34  4:10  Factory  
  34  4:26  Barracks Reactor  
  34  4:29  Starport  
  34  4:35  SCV  
  34  4:37  Orbital Command  
  35  4:44  Command Center  
  35  4:47  SCV  
  36  4:53  Siege Tank  
  40  5:00  Engineering Bay, SCV  
  40  5:10  Hellion x2  
  40  5:12  Viking, SCV  
  47  5:24  SCV  
  36  5:36  Liberator  
  36  5:44  SCV x2  
  36  5:46  Hellion x2  
  42  5:56  SCV x2  
  47  6:04  Marine  
  47  6:05  Bunker  
  47  6:07  Hellion  
  50  6:16  SCV x2  
  50  6:18  Orbital Command  
  52  6:22  Marine  
  53  6:29  Infernal Pre-Igniter  
  53  6:40  Marine  
  54  6:55  Siege Tank  
  54  6:56  Hellion x2  
  54  6:58  Marine  
  62  7:03  Factory  
  62  7:04  Factory  
  62  7:06  Armory, Factory  
  60  8:16  Factory Tech Lab x3  
  60  8:18  Medivac x2, SCV  
  60  8:19  SCV x2  
  67  8:23  Refinery  
  67  8:24  Refinery  
  67  8:31  SCV x3  
  70  8:38  Siege Tank  
  70  8:39  Siege Tank  
  76  8:43  SCV  
  76  8:45  Supply Depot  
  76  8:48  Supply Depot  
  77  8:51  Supply Depot  
  77  8:52  Liberator  
  77  8:55  Supply Depot  
  77  8:56  Supply Depot, Orbital Command  
  77  9:07  Hellion x2, SCV x2  
  77  9:09  Siege Tank  
  89  9:11  Supply Depot  
  89  9:19  SCV x2  
  91  9:28  Smart Servos  
  91  9:29  Hellion x2  
  95  9:31  SCV  
  95  9:33  Hellion x5  
  95  9:37  Armory  
  96  9:49  Siege Tank  
  96  9:50  Hellion x2, Siege Tank  
  106  10:05  Orbital Command  
  106  10:11  Hellion  
  97  10:31  SCV x2  
  99  10:42  Sensor Tower, Siege Tank  
  102  10:43  Siege Tank x3  
  102  10:44  Hellion  
  102  10:45  Hellion  
  102  10:49  SCV  
  118  10:50  SCV x2  
  118  11:01  SCV  
  118  11:02  SCV x2  
  121  11:06  Hellion x2  
  125  11:17  Terran Vehicle And Ship Armor Level 1, Terran Vehicle Weapons Level 1  
  125  11:22  Supply Depot  
  125  11:24  Supply Depot, Neosteel Armor  
  125  11:25  Supply Depot  
  125  11:26  Supply Depot x2  
  125  11:28  Supply Depot x3  
  125  11:44  Viking x2, SCV x3  
  125  11:46  Hellion x2  
  126  11:56  SCV x3  
  127  12:07  Hellion x2  
  127  12:08  SCV x3  
  134  12:11  Refinery  
  134  12:13  Refinery  
  134  12:21  Missile Turret  
  134  12:23  Missile Turret  
  134  12:24  Sensor Tower  
  134  12:52  Barracks Tech Lab  
  134  12:55  Starport  
  80  13:33  Siege Tank x3  
  78  13:36  Hellion x2  
  78  13:38  Starport Tech Lab  
Tags
 
Add a new tag
Caveats
  • Supply blocks, unpowered buildings, or Contaminate may cause inaccurate times.
  • Supply counts are checked every 10 seconds.